 Dungeon Crawl Stone Soup version 0.24.0-1-gfbc8707 (webtiles) character file.

Game seed: 4801838265166575098, levelgen mode: deterministic

44 Fang the Skirmisher (level 3, -2/24 HPs)
             Began as a Gargoyle Berserker on Nov 6, 2019.
             Was a Follower of Trog.
             Slain by a gnoll (4 damage)
             ... on level 2 of the Dungeon.
             The game lasted 00:00:51 (1434 turns).

Fang the Skirmisher (Gargoyle Berserker)            Turns: 1434, Time: 00:00:51

Health: -2/24      AC:  5    Str: 21    XL:     3   Next: 60%
Magic:  3/3        EV: 12    Int:  7    God:    Trog [*.....]
Gold:   119        SH:  0    Dex:  9    Spells: 2/2 levels left

rFire    . . .     SeeInvis .   a - +0 hand axe
rCold    . . .     Gourm    .   (no shield)
rNeg     + . .     Faith    .   b - +0 animal skin
rPois    ∞         Spirit   .   (no helmet)
rElec    +         Reflect  .   (no cloak)
rCorr    .         Harm     .   (no gloves)
MR       .....                  (no boots)
Stlth    +.........             (no amulet)
HPRegen  0.08/turn              (no ring)
MPRegen  0.08/turn              (no ring)

@: no status effects
A: negative energy resistance 1, electricity resistance, unbreathing,
petrification resistance, rot immunity, AC +3
a: Berserk, Renounce Religion


You were on level 2 of the Dungeon.
You worshipped Trog.
Trog was aware of your devotion.
You were not hungry.

You visited 1 branch of the dungeon, and saw 2 of its levels.

You collected 119 gold pieces.

Inventory:

Hand Weapons
 a - a +0 hand axe (weapon)
Armour
 b - a +0 animal skin (worn)
Scrolls
 d - a scroll of teleportation {unknown}
 g - 2 scrolls of identify {unknown}
 h - 2 scrolls of amnesia {unknown}
 i - a scroll of fog {unknown}
 j - a scroll of immolation {unknown}
 k - a scroll of magic mapping {unknown}
 l - a scroll of enchant armour {unknown}
Potions
 e - 2 potions of heal wounds {unknown}
 f - a potion of agility {unknown}
Comestibles
 c - 2 rations


   Skills:
 + Level 3.7 Fighting
 + Level 3.0 Axes
 + Level 2.8 Armour
 + Level 2.0 Dodging


You had 2 spell levels left.
You didn't know any spells.
Your spell library was empty.

Dungeon Overview and Level Annotations

Branches:
Dungeon (2/15)

Altars:


Innate Abilities, Weirdness & Mutations

You are resistant to torment.
Your stone body is resilient. (AC +3)
You are immune to poison.
You resist negative energy. (rN+)
You are resistant to electric shocks. (rElec)
You can survive without breathing.
You are immune to petrification.
You are immune to rotting.


Message History

The gnoll hits you from afar with a +0 spear.
The gnoll hits you but does no damage.
You hit the gnoll.
The gnoll is almost dead.
You hit the gnoll. The gnoll closely misses you. The gnoll misses you.
The gnoll closely misses you. The gnoll barely misses you.
The gnoll closely misses you.
The gnoll throws a stone.
The stone closely misses you. The gnoll hits you with a +0 spear.
* * * LOW HITPOINT WARNING * * *
You see here a +0 dagger.
The gnoll barely misses you. x2; The gnoll misses you.
You closely miss the gnoll. You hit the gnoll but do no damage.
You barely miss the gnoll. You hit the gnoll but do no damage.
The gnoll misses you. x2; The gnoll barely misses you. x2
You're too hungry.
Unknown command.
You eat one of the 3 rations.
That ration really hit the spot!
The gnoll hits you.
You die...

......+ ......#
#....# #.....#
#....# #.....#
#.... #.....# #....
##.....### ##.#.
......... #...
#g....# #...
#@g...# ####..
#gg...# #.....
#.....# #.###.
#######.....#. #.#
#.
#.###....(.(......#
#.# ##
#.......###########
#.####
#####.............#
#.....
#.............#
#.####
#.............# ###


You could see 4 gnolls.

Vanquished Creatures
  2 adders (D:2)
  5 bats (D:1)
  A giant cockroach (D:1)
  2 goblins
  2 hobgoblins (D:1)
  4 jackals (D:1)
  4 kobolds
  5 rats
25 creatures vanquished.

Notes
Turn   | Place    | Note
-------+----------+-------------------------------------------
     0 | D:1      | Fang the Gargoyle Berserker began the quest for the Orb.
     0 | D:1      | Reached XP level 1. HP: 14/14 MP: 1/1
   267 | D:1      | Reached XP level 2. HP: 18/19 MP: 2/2
  1148 | D:2      | Reached XP level 3. HP: 17/24 MP: 3/3
  1434 | D:2      | Slain by a gnoll

Levels and vault maps discovered:
D:1:      sevenhm_arrival_forest_fort_small_6, layout_basic, serial_park_tiny_1,
          minmay_misc_feat_tower
D:2:      layout_basic

Skill      XL: |  1  2 |
---------------+-------+-----
Axes           | 3 |  3.0
Dodging        | 2 |  2.0
Fighting       | |  3.7
Armour         | |  2.8

Action                   || total
-------------------------++-------
Melee: Hand axe          ||    92
 Stab: Sleeping          ||     2
  Eat: Ration            ||     1
Armor: Animal skin       ||    45
Dodge: Dodged            ||    75
